AoeStats
← fat_dgk

Black Forest

506883260Analyzed
4v4 RM · 17d ago on Sep 15, 2026· 53m 52s· 8 players
Game mode
Random Map
Map size
Large (8 player)
Population
200
Speed
Normal
Resources
Standard
Victory
Conquest
Starting age
Dark Age
Ending age
Imperial Age
RankedLock teamsTeams togetherTeam positionsShared explorationLock speedFull tech treeHidden civsTurbo modeCheats
Victory
Defeat
🇦🇷 Portuguese · Argentina
1261
+15
🇸🇮 Persians · Slovenia
1258
+15
🇨🇦 Mongols · Canada
1239
+16
🇫🇷 Britons · France
1188
+18
🇦🇷 Italians · Argentina
1318
-18
🇨🇱 Dravidians · Chile
1249
-17
🇧🇩 Britons · Bangladesh
1221
-15
🇨🇴 Spanish · Colombia
1176
-14
Mandingo
9:02 Feudal Age
9:38 Double-Bit Axe
9:18 Man-at-Arms
9:57 Gold Mining
14:11 Wheelbarrow
14:11 Horse Collar
20:39 Castle Age
18:47 Fletching
21:10 Loom
21:55 Caravan
22:38 Gold Shaft Mining
26:29 Heavy Plow
33:17 Imperial Age
31:32 Bodkin Arrow
32:19 Padded Archer Armor
33:30 Leather Archer Armor
33:21 Scale Barding Armor
34:25 Hand Cart
34:12 Bracer
35:22 Chemistry
34:28 Elite Mangudai
35:23 Stone Mining
35:43 Husbandry
36:09 Conscription
36:33 Chain Barding Armor
36:27 Bloodlines
36:43 Capped Ram
38:36 Ballistics
38:00 Siege Ram
39:19 Drill
40:23 Siege Engineers
43:27 Onager
44:22 Masonry
45:40 Stone Shaft Mining
44:44 Siege Onager
45:53 Murder Holes
sebastien
13:53 Feudal Age
15:37 Double-Bit Axe
15:47 Gold Mining
18:10 Castle Age
16:10 Gold Mining
18:13 Loom
19:04 Wheelbarrow
18:27 Crossbowman
19:18 Padded Archer Armor
20:28 Fletching
21:54 Horse Collar
26:41 Gold Shaft Mining
27:50 Bow Saw
29:34 Leather Archer Armor
29:24 Heavy Plow
30:52 Masonry
31:03 Stone Mining
32:32 Bodkin Arrow
33:47 Hand Cart
35:50 Yeomen
37:03 Ballistics
40:54 Imperial Age
41:36 Bracer
41:04 Arbalester
42:16 Ring Archer Armor
42:07 Conscription
42:54 Chemistry
47:30 Two-Man Saw
47:07 Architecture
disco_lama
2:08 Loom
8:38 Loom
10:59 Feudal Age
16:23 Castle Age
14:11 Double-Bit Axe
15:00 Horse Collar
18:03 Bow Saw
18:23 Heavy Plow
22:53 Stone Mining
25:52 Wheelbarrow
27:10 Stone Shaft Mining
30:28 Imperial Age
28:44 Scale Barding Armor
30:09 Gold Mining
31:11 Conscription
30:45 Fletching
30:56 Padded Archer Armor
31:16 Chain Barding Armor
31:07 Forging
32:19 Crop Rotation
32:04 Elite War Elephant
33:11 Bodkin Arrow
33:32 Leather Archer Armor
32:40 Elite Skirmisher
34:00 Iron Casting
34:29 Masonry
35:21 Chemistry
35:03 Gold Shaft Mining
35:43 Thumb Ring
37:01 Ring Archer Armor
37:15 Bloodlines
39:42 Hoardings
40:06 Citadels
41:45 Plate Barding Armor
43:35 Blast Furnace
Agua Mineral
Kestrel
11:32 Feudal Age
9:55 Loom
13:03 Fletching
17:21 Castle Age
16:19 Scale Barding Armor
16:21 Stone Mining
16:44 Horse Collar
18:13 Double-Bit Axe
31:00 Wheelbarrow
33:14 Imperial Age
30:35 Town Watch
32:26 Hand Cart
32:07 Gold Mining
32:43 Chain Barding Armor
32:34 Forging
32:21 Bodkin Arrow
33:26 Stone Shaft Mining
33:47 Bow Saw
33:32 Gambesons
33:47 Squires
33:34 Arson
34:16 Conscription
33:17 Elite Conquistador
34:31 Caravan
34:42 Guilds
35:48 Chemistry
35:00 Fortified Wall
35:30 Masonry
36:25 Plate Barding Armor
35:51 Padded Archer Armor
35:52 Bracer
36:30 Ballistics
36:07 Murder Holes
38:48 Two-Man Saw
38:09 Leather Archer Armor
38:31 Iron Casting
38:15 Husbandry
38:25 Bloodlines
37:36 Cavalier
37:54 Light Cavalry
40:03 Ring Archer Armor
40:37 Heavy Plow
41:47 Paladin
45:36 Hoardings
46:16 Blast Furnace
45:29 Hussar
47:40 Coinage
fat_dgk
11:07 Feudal Age
14:41 Castle Age
12:43 Double-Bit Axe
AoBD I Ruman
0:34 Loom
11:56 Feudal Age
12:29 Double-Bit Axe
21:32 Castle Age
20:09 Stone Mining
20:10 Gold Mining
20:06 Horse Collar
22:01 Padded Archer Armor
21:52 Fletching
22:48 Bow Saw
22:39 Heavy Plow
30:08 Gold Shaft Mining
31:58 Wheelbarrow
34:06 Imperial Age
31:17 Pikeman
31:57 Squires
31:43 Gambesons
32:21 Gambesons
33:01 Scale Mail Armor
33:31 Hand Cart
33:01 Town Watch
34:56 Chain Mail Armor
34:52 Forging
34:10 Halberdier
34:50 Bodkin Arrow
35:06 Town Patrol
36:26 Conscription
36:49 Yeomen
36:12 Elite Longbowman
37:00 Elite Skirmisher
37:45 Bracer
38:47 Chemistry
38:52 Hoardings
39:30 Two-Man Saw
38:49 Leather Archer Armor
38:55 Ballistics
38:26 Guard Tower
39:29 Caravan
43:22 Ring Archer Armor
43:48 Masonry
45:12 Siege Engineers
50:15 Architecture
TomasRu
2:59 Loom
11:52 Feudal Age
12:34 Double-Bit Axe
12:29 Horse Collar
15:48 Castle Age
18:21 Wheelbarrow
18:00 Bow Saw
20:01 Town Watch
22:10 Stone Mining
24:23 Heavy Plow
24:29 Gold Mining
29:11 Imperial Age
27:58 Hand Cart
28:07 Treadmill Crane
30:06 Pirotechnia
31:00 Chemistry
30:01 Padded Archer Armor
31:50 Conscription
33:16 Masonry
35:27 Leather Archer Armor
38:51 Fletching
40:49 Hoardings
46:45 Silk Road
46:24 Elite Skirmisher
47:52 Ring Archer Armor
48:35 Thumb Ring
48:30 Bodkin Arrow
48:57 Ballistics
49:24 Bracer
49:36 Caravan
Connection lost

Rejoining the realm…

Still unreachable

The connection could not be restored.

Session expired

The server has moved on; the page needs a fresh start.